 Dungeon Crawl Stone Soup version 0.28-a0-1565-g95a8017c83 (webtiles) character file.

Game seed: 14444875091338284008

154 wilfster70 the Vexing (level 5, 0/28 HPs)
             Began as a Kobold Enchanter on Jan 19, 2022.
             Slain by Edmund (7 damage)
             ... on level 4 of the Dungeon.
             The game lasted 00:09:35 (4880 turns).

wilfster70 the Vexing (Kobold Enchanter)            Turns: 4880, Time: 00:09:36

Health: 0/28       AC:  5    Str:  5    XL:     5   Next: 63%
Magic:  16/20      EV: 15    Int: 19    God:
Gold:   62         SH:  0    Dex: 15    Spells: 7/12 levels left

rFire   . . .      SeeInvis .   a - +1 dagger
rCold   . . .      Faith    .   (no shield)
rNeg    . . .      Spirit   .   b - +1 robe
rPois   .          Reflect  .   (no helmet)
rElec   .          Harm     .   (no cloak)
rCorr   .          Rampage  .   i - +1 Delatra's gloves {ID++}
Will    .....                   (no boots)
Stlth   ++++......              (no amulet)
HPRegen 0.09/turn               d - ring of magical power
MPRegen 0.17/turn               (no ring)

@: confusing by touch
A: small, no large weapons, nightstalker 3
a: no special abilities


You were on level 4 of the Dungeon.
You visited 1 branch of the dungeon, and saw 4 of its levels.

You collected 62 gold pieces.

Inventory:

Hand Weapons
 a - a +1 dagger (weapon)
 l - a +0 hand crossbow
Missiles
 e - 22 stones (quivered)
Armour
 b - a +1 robe (worn)
 i - the +1 Delatra's gloves (worn) {ID++}
   (You found it on level 3 of the Dungeon)

   It heals its wearer when they drink unknown potions.
   It restores its wearer's MP when they read unknown scrolls.
Jewellery
 d - a ring of magical power (left hand)
Scrolls
 k - a scroll of summoning {unknown}
Potions
 c - a potion of invisibility
 f - a potion of brilliance {unknown}
 g - 2 potions of haste {unknown}
 h - 2 potions of cancellation
 j - a potion of heal wounds {unknown}
 m - 2 potions of might


   Skills:
 - Level 1.3 Short Blades
 - Level 2.4 Dodging
 - Level 4.0 Stealth
 + Level 4.1 Spellcasting
 + Level 4.6 Hexes


You had 7 spell levels left.
You knew the following spells:

 Your Spells              Type           Power      Damage    Failure   Level
a - Confusing Touch       Hex            21%        N/A       6%          3
b - Ensorcelled Hibernat  Hex/Ice        24%        N/A       8%          2

Your spell library contained the following spells:

 Spells                   Type           Power      Damage    Failure   Level
 Tukima's Dance           Hex            21%        N/A       6%          3
 Dazzling Flash           Conj/Hex       24%        N/A       16%         3


Dungeon Overview and Level Annotations

Branches:
Dungeon (4/15)
 Temple: D:4-7

Altars:

Shops:
D:2 [

Annotations:
D:4 Edmund


Innate Abilities, Weirdness & Mutations

You are small and have problems with some larger weapons.
You are completely attuned to the shadows.


Message History

You start resting.
HP restored.
You see here a +0 short sword.
There is a stone staircase leading down here.
You climb downwards.
Level annotation: Edmund
There is a stone staircase leading up here.
The helpless adder fails to defend itself.
You impale the adder!!
You kill the adder!
Found 23 sling bullets.
Found a dagger.
There is a stone staircase leading up here.
There is a stone staircase leading up here.
Edmund is nearby!
Casting: Confusing Touch (quite dangerous; 6% risk of failure)
Confirm with . or Enter, or press ? or * to list all spells.
Aiming: Ensorcelled Hibernation (safe; 8% risk of failure)
Press: ? - help, Shift-Dir - straight line, f - Edmund
Aim: Edmund, wielding a +2 dire flail of holy wrath and wearing a +0 scale mail (lightly wounded, wandering, hasn't noticed you, chance to affect: 46%) Edmund resists with some effort.
Casting: Ensorcelled Hibernation (safe; 8% risk of failure)
Confirm with . or Enter, or press ? or * to list all spells.
The spell is quite dangerous to miscast (6% risk of failure)!
Continue anyway? [Y]es or [N]o only, please.
The spell is quite dangerous to miscast (6% risk of failure)!
Continue anyway?
Your hands begin to glow red.
Edmund hits you with a +2 dire flail of holy wrath!
You hit Edmund but do no damage.
Edmund is lightly wounded.
Edmund barely misses you.
You hit Edmund but do no damage.
Edmund is lightly wounded.
Edmund hits you with a +2 dire flail of holy wrath!
* * * LOW HITPOINT WARNING * * *
You hit Edmund but do no damage.
Edmund is lightly wounded.
Edmund asks, "Have you met my wondrous brother?"
Edmund hits you with a +2 dire flail of holy wrath!
You die...

#..#.#.# #.##..#
#####..#.#.###.##..#
#..............##..#
#.###..#.#.###.##..#
#.# #..#.#.# #.##<.#
#.# #..#.#.###.##..#
#.# #.<............#
#.# #..#.#####.##..#
#.##.......@@......#
#.###..#.#####.##..#
#.# #..#.# #.##..# #.#
#..#.# #.##..# # #.#
#..#.# #.##..#
#.##.###..#.# #.##.##
..........#.#####.##.#
####..(...........##.#
####.###.##.#####.##.##


You could see Edmund.

Vanquished Creatures
  An orc wizard (D:3)
  3 gnolls
  3 adders
  A dart slug (D:2)
  A worm (D:2)
  6 orcs (D:3)
  6 ball pythons (D:1)
  7 bats
  2 endoplasms
  A giant cockroach (D:2)
  5 hobgoblins
  7 jackals
  3 kobolds
  3 quokkas
  3 frilled lizards
  5 goblins
  4 rats (D:1)
61 creatures vanquished.

Notes
Turn   | Place    | Note
-------+----------+-------------------------------------------
     0 | D:1      | wilfster70 the Kobold Enchanter began the quest for the
                  | Orb.
     0 | D:1      | Reached XP level 1. HP: 10/10 MP: 3/3
   646 | D:1      | Reached XP level 2. HP: 1/15 MP: 5/5
  1126 | D:1      | Learned a level 2 spell: Ensorcelled Hibernation
  1513 | D:1      | Reached XP level 3. HP: 19/19 MP: 7/7
  1518 | D:1      | Learned a level 3 spell: Confusing Touch
  2240 | D:2      | Reached XP level 4. HP: 18/24 MP: 8/8
  2568 | D:2      | Found Watao's Antique Armour Shop.
  2688 | D:2      | Found a faded altar of an unknown god.
  3619 | D:3      | Reached XP level 5. HP: 25/28 MP: 10/10
  4091 | D:3      | Found the +1 Delatra's gloves {ID++}
  4525 | D:4      | Noticed Edmund
  4880 | D:4      | Slain by Edmund

Illustrated notes

Levels and vault maps discovered:
D:1:      saegor_arrival_under_anarchy, layout_basic, st_stairs_11
D:2:      layout_loops_cross, shapermc_ecumenical_altar_mp_highgroup,
          serial_shops, nicolae_shop_stone
D:3:      layout_basic, serial_curves, eino_curves_04, eino_curves_01,
          pf_guarded_unrand_delatra
D:4:      minmay_skewed_foursquare, layout_basic, nicolae_tso_carved_into_rock,
          kennysheep_small_circle, uniq_duvessa, uniq_natasha, uniq_edmund,
          uniq_pikel

Skill      XL: |  1  2  3  4  5 |
---------------+----------------+-----
Spellcasting   | 3 4 |  4.1
Hexes          | 4 |  4.6
Short Blades   | |  1.3
Dodging        | |  2.4
Stealth        | |  4.0

Action                   |  1- 3 |  4- 6 || total
-------------------------+-------+-------++-------
Melee: Dagger            |    94 |    86 ||   180
       Punch             |       |     1 ||     1
 Cast: Ensorcelled Hiber |     3 |    30 ||    33
       Confusing Touch   |       |     4 ||     4
  Use: Scroll            |       |     7 ||     7
 Stab: Sleeping          |    16 |    30 ||    46
       Confused          |       |     1 ||     1
Armor: Robe              |    12 |    13 ||    25
Dodge: Dodged            |    64 |    83 ||   147

Table legend: (Time is in decaauts)
 A = Elapsed time spent in this place.
 B = Non-inter-level travel time spent in this place.
 C = Inter-level travel time spent in this place.
 D = Time resting spent in this place.
 E = Time spent auto-exploring this place.
 F = Levels seen in this place.
 G = Mean time per level.
                   A        B        C        D        E       F      G
               +--------+--------+--------+--------+--------+-----+--------+
         Total |   4875 |   4800 |     75 |   1645 |   2114 |   4 | 1218.8 |
       Dungeon |   4875 |   4800 |     75 |   1645 |   2114 |   4 | 1218.8 |
               +--------+--------+--------+--------+--------+-----+--------+

Top non-repeatable levels by time:
     D:1: 1963 daAuts
     D:2: 1530 daAuts
     D:3: 1239 daAuts
     D:4: 142 daAuts
